 Dungeon Crawl Stone Soup version 0.30-a0-726-gd89dcf765f (webtiles) character file.

Game seed: 17979108493183948604

62 elagabalus the Cudgeller (level 4, 0/45 HPs)
             Began as an Ogre Gladiator on Jan 29, 2023.
             Slain by Grinder (7 damage)
             ... while paralysed by Grinder
             ... on level 3 of the Dungeon.
             The game lasted 00:08:51 (983 turns).

elagabalus the Cudgeller (Ogre Gladiator)            Turns: 983, Time: 00:08:51

Health: 0/45       AC:  3    Str: 18    XL:     4   Next: 8%
Magic:  4/4        EV:  1    Int: 11    God:
Gold:   89         SH:  0    Dex: 10    Spells: 3/3 levels left

rFire   . . .      SeeInvis .    l - +1 whip
rCold   . . .      Faith    .    (no shield)
rNeg    . . .      Spirit   .    b - +0 robe
rPois   .          Reflect  .    c - +0 hat
rElec   .          Harm     .    m - scarf {shadows}
rCorr   .          Rampage  .    (gloves unavailable)
Will    .....                    (boots unavailable)
Stlth   +                        n - amulet of the acrobat
HPRegen 0.27/turn                (no ring)
MPRegen 0.09/turn                (no ring)

@: paralysed
A: large, unfitting armour, tough skin 1
a: no special abilities


You were on level 3 of the Dungeon.
You visited 1 branch of the dungeon, and saw 3 of its levels.

You collected 89 gold pieces.

Inventory:

Hand Weapons
 a - a +0 flail
 l - a +1 whip (weapon)
Missiles
 e - a large rock (quivered)
Armour
 b - a +0 robe (worn)
 c - a +0 hat (worn)
 m - a scarf of shadows (worn)
Jewellery
 n - an amulet of the acrobat (around neck)
Scrolls
 f - a scroll of enchant armour {unknown}
Potions
 h - 2 potions of curing {unknown}
 k - a potion of lignification {unknown}
 s - a potion of resistance {unknown}


   Skills:
 - Level 3.0 Fighting
 * Level 4.1 Maces & Flails
 - Level 2.0 Throwing
 - Level 3.0 Dodging


You had 3 spell levels left.
You didn't know any spells.
Your spell library was empty.

Dungeon Overview and Level Annotations

Branches:
Dungeon (3/15)

Altars:

Annotations:
D:3 Grinder


Innate Abilities, Weirdness & Mutations

You are too large for most types of armour.
You have tough skin. (AC +1)


Message History

The adder barely misses you.
You hit the adder.
You kill the adder!
Grinder gestures at you. Pain shoots through your body!
Your Maces & Flails skill increases to level 4!
You have reached level 4!
Found a stone staircase leading down.
Grinder gestures at you.
You suddenly lose the ability to move!
You can move again.
You see here a scroll labelled INIUSS HOTOIN.
f - a scroll labelled INIUSS HOTOIN Throw: throwing net
Press: ? - help, Q - select action, (/) - cycle Shift-Dir - straight line, f/p - Grinder
Aim: Grinder (53% to hit)
You throw a throwing net.
The throwing net closely misses Grinder.
Grinder closely misses you.
You closely miss Grinder. Grinder gestures at you.
You resist with significant effort.
You hit Grinder.
Grinder is lightly wounded.
Grinder hits you!
You writhe in agony.
You hit Grinder.
Grinder is moderately wounded.
Grinder gestures at you.
You suddenly lose the ability to move!
Grinder hits you but does no damage. Grinder gestures at you.
Pain shoots through your body!
* * * LOW HITPOINT WARNING * * *
A bat comes into view.
Grinder hits you.
* * * LOW HITPOINT WARNING * * *
You writhe in agony.
* * * LOW HITPOINT WARNING * * *
Grinder hits you!
You die...

*,,,..........,,..,,*,,,*,,,,,,,
*,,,,..#.....###..,#***,**,,,***
*,,,,,........#(.#.##**,,*****,,
*,,,..##.."......#..,,,,,,,,,,,,
*,,,...............,***,*,,,,,,,
*,,,,#..#.......b#,##*,,*,,,,,,,
*,,,<#.##..†.....#..#,,,,,,,,,,,
*****#.##......5..#...,,**,,,,,,
#.##......@......,,**,,,,,,
#.#...######...>.,,,,,,,,,,
####.#.#.#*****,....,,,*,,,,,,
#........#..,,,,,...,,,,,,,,,,
#.###)......,,,,,,..,,,,,,,,,,
####.#.......#..,,,,,,.,***,,,,,,
...†.#.##....#,.,,,,,,,,* *,,,,,,
.###....#.####,,,,,,,,,,* *,,,,,,
####....#.#*,,,,,******** **,,,,,


You could see Grinder and a bat.

Vanquished Creatures
  2 adders
  A worm (D:2)
  A dart slug (D:2)
  2 bats (D:2)
  6 endoplasms
  A giant cockroach (D:3)
  5 goblins
  4 hobgoblins
  3 quokkas
  A ball python (D:1)
  2 frilled lizards
  3 kobolds
  3 rats (D:1)
34 creatures vanquished.

Notes
Turn   | Place    | Note
-------+----------+-------------------------------------------
     0 | D:1      | elagabalus the Ogre Gladiator began the quest for the Orb.
     0 | D:1      | Reached XP level 1. HP: 22/22 MP: 1/1
    56 | D:1      | You fall into a shaft and drop 1 floor!
   105 | D:1      | Reached XP level 2. HP: 29/29 MP: 2/2
   130 | D:1      | Reached skill level 3 in Maces & Flails
   497 | D:2      | Reached XP level 3. HP: 37/37 MP: 3/3
   956 | D:3      | Noticed Grinder
   959 | D:3      | Paralysed by Grinder for 4 turns
   970 | D:3      | Reached skill level 4 in Maces & Flails
   970 | D:3      | Reached XP level 4. HP: 33/45 MP: 4/4
   972 | D:3      | Paralysed by Grinder for 3 turns
   979 | D:3      | Paralysed by Grinder for 5 turns
   983 | D:3      | Slain by Grinder

Illustrated notes

Levels and vault maps discovered:
D:1:      sevenhm_arrival_forest_fort_small_3, layout_rooms, minmay_pentomino_r4
D:2:      layout_rooms
D:3:      minmay_wonky_spiral, layout_rooms, gammafunk_ghost_icy, uniq_grinder,
          uniq_robin

Skill      XL: |  1  2  3 |
---------------+----------+-----
Dodging        | 3 |  3.0
Maces & Flails | 3 4 |  4.1
Fighting       | 3 |  3.0
Throwing       | |  2.0

Action                     |  1- 3 |  4- 6 || total
---------------------------+-------+-------++-------
  Melee: Flail             |    29 |       ||    29
         Whip              |    70 |     3 ||    73
         Punch             |     2 |       ||     2
  Throw: Throwing net      |     3 |     1 ||     4
    Use: Scroll            |     7 |       ||     7
   Stab: Sleeping          |     1 |       ||     1
 Armour: Robe              |    24 |     1 ||    25
  Dodge: Dodged            |    43 |     1 ||    44

Table legend: (Time is in decaauts)
 A = Elapsed time spent in this place.
 B = Non-inter-level travel time spent in this place.
 C = Inter-level travel time spent in this place.
 D = Time resting spent in this place.
 E = Time spent auto-exploring this place.
 F = Levels seen in this place.
 G = Mean time per level.
                   A        B        C        D        E       F      G
               +--------+--------+--------+--------+--------+-----+--------+
         Total |    983 |    327 |    656 |      0 |      0 |   3 |  327.7 |
       Dungeon |    983 |    327 |    656 |      0 |      0 |   3 |  327.7 |
               +--------+--------+--------+--------+--------+-----+--------+

Top non-repeatable levels by time:
     D:1: 479 daAuts
     D:2: 422 daAuts
     D:3: 81 daAuts
